Mulligans vs Condors
Created - December 18, 2020 at 20:23
Goals
|
Mulligans |
2 |
3 |
2 |
7 |
Condors |
0 |
2 |
4 |
6 |
|
Shots
|
Mulligans |
8 |
23 |
11 |
42 |
Condors |
5 |
10 |
12 |
27 |
|
1st period
1. Mulligans , Sam Bennett 11 (Maxime Macenauer 14, Valeri Nichushkin 7) at 7:59
2. Mulligans , Reid Boucher 3 (Robby Fabbri 5, Joonas Donskoi 9) at 8:54
Penalties :
Anton Slepyshev (Bak) for Kneeing (Minor) at 9:49, Darren Dietz (Rep) for Roughing (Minor) at 18:21
2nd period
3. Mulligans , Robby Fabbri 5 (Joonas Donskoi 10, Reid Boucher 5) at 1:23
4. Condors , Mikko Lehtonen 7 (Mark Jankowski 14, Andrew Mangiapane 10) at 2:52
5. Mulligans , Sam Bennett 12 (Ben Hutton 10, Valeri Nichushkin 8) at 3:00
6. Mulligans , Sven Baertschi 12 (Christian Wolanin 1, Logan Shaw 13) at 17:46 (PP)
7. Condors , Frederik Gauthier 11 (Anton Slepyshev 13, Nail Yakupov 14) at 19:37
Penalties :
Ben Hutton (Rep) for Boarding (Minor) at 12:59, Eric Gustafsson (Bak) for Roughing (Minor) at 16:21, Carl Gunnarsson (Bak) for Cross-checking (Minor) at 19:48
3rd period
8. Mulligans , Maxime Macenauer 8 (Dalton Thrower 5, Valeri Nichushkin 9) at 6:00
9. Condors , Frederik Gauthier 12 (Nail Yakupov 15, Anton Slepyshev 14) at 6:10
10. Mulligans , Anton Lander 8 (Logan Shaw 14, Sven Baertschi 8) at 7:15
11. Condors , Connor Hurley 1 (Zac Leslie 13) at 12:53
12. Condors , Eric Gustafsson 4 (Alex Tuch 14, Mark Jankowski 15) at 13:47
13. Condors , Nail Yakupov 14 (Anton Slepyshev 15) at 16:11
Penalties :
Sam Bennett (Rep) for Holding (Minor) at 18:22
Goalie Stats
Calvin Pickard (Rep), 21 saves from 27 shots - (0.778), W, 8-13-0, 60:00 minutes
Mackenzie Blackwood (Bak), 24 saves from 27 shots - (0.889), L, 9-8-1, 36:25 minutes
Mark Visentin (Bak), 11 saves from 15 shots - (0.733), 23:00 minutes
Players Stats for Mulligans
Player Name G A P +/- PIM S H SB GA TA FO MP PP MP PK MP
------------------------------------------------------------------------------------
Anton Lander 1 0 1 -3 0 5 4 0 2 2 21/34 22:54 2:45 3:03
Ben Hutton 0 1 1 0 2 2 4 4 0 2 0/0 27:28 3:06 2:10
Brandon Carlo 0 0 0 0 0 0 0 1 0 0 0/0 24:36 3:06 3:20
Brett Seney 0 0 0 0 0 1 0 0 0 0 0/0 7:55 0:00 0:00
Christian Wolanin 0 1 1 0 0 0 0 0 0 0 0/0 9:45 2:17 1:56
Conor Garland 0 0 0 0 0 0 0 0 0 0 0/0 7:55 0:00 0:00
Dalton Thrower 0 1 1 0 0 1 1 0 0 0 0/0 16:21 0:00 2:15
Darren Dietz 0 0 0 0 2 0 1 1 1 2 0/0 18:57 2:17 1:29
Ilya Lyubushkin 0 0 0 0 0 1 2 0 0 0 0/0 11:50 0:00 0:00
Jonny Brodzinski 0 0 0 0 0 1 2 3 1 0 2/3 7:55 0:00 0:00
Joonas Donskoi 0 2 2 1 0 5 1 0 1 0 0/0 12:14 2:38 0:00
Logan Shaw 0 2 2 -3 0 6 2 0 0 0 0/0 22:29 2:32 2:51
Maxime Macenauer 1 1 2 2 0 5 0 0 0 0 11/15 18:45 2:38 1:56
Reid Boucher 1 1 2 1 0 2 1 0 0 0 0/0 11:09 0:00 1:19
Robbie Russo 0 0 0 0 0 0 0 0 0 0 0/0 11:50 0:00 0:00
Robby Fabbri 1 1 2 1 0 1 0 1 0 0 5/6 10:03 0:13 0:00
Sam Bennett 2 0 2 2 2 3 2 1 0 0 1/1 16:32 2:38 0:00
Sven Baertschi 1 1 2 -3 0 6 2 1 0 0 1/1 21:35 2:45 2:01
Valeri Nichushkin 0 3 3 2 0 3 1 0 0 0 1/1 14:09 0:00 0:00
Players Stats for Condors
Player Name G A P +/- PIM S H SB GA TA FO MP PP MP PK MP
------------------------------------------------------------------------------------
Alex Tuch 0 1 1 0 0 1 0 1 0 0 0/0 13:19 0:07 0:00
Andrew Mangiapane 0 1 1 1 0 0 1 1 0 1 0/0 18:29 2:12 1:05
Anton Slepyshev 0 3 3 0 2 2 3 1 0 0 1/3 19:06 3:16 0:00
Brett Lernout 0 0 0 1 0 0 0 0 0 0 0/0 13:37 0:00 1:36
C.J Suess 0 0 0 -1 0 1 1 0 0 0 0/0 5:26 0:00 0:00
Carl Gunnarsson 0 0 0 -1 2 3 3 3 1 0 0/0 27:53 3:15 1:55
Chris Bigras 0 0 0 0 0 0 0 1 0 0 0/0 18:26 2:20 1:49
Christian Thomas 0 0 0 0 0 0 1 0 1 0 0/1 13:47 0:00 0:55
Connor Hurley 1 0 1 0 0 3 2 1 0 0 0/6 12:35 0:00 0:00
Daniel Zaar 0 0 0 -1 0 1 0 0 0 0 0/0 5:46 0:07 0:00
Eric Gustafsson 1 0 1 -1 2 3 0 3 0 1 0/0 24:27 3:15 2:44
Erik Cernak 0 0 0 0 0 0 0 0 0 0 0/0 5:08 0:00 0:53
Frederik Gauthier 2 0 2 0 0 2 1 0 1 0 12/31 22:03 3:23 2:51
Marc-André Bourdon 0 0 0 1 0 0 1 1 0 0 0/0 12:01 0:00 0:00
Mark Jankowski 0 2 2 1 0 2 1 1 0 0 4/13 19:40 2:12 1:37
Mikko Lehtonen 1 0 1 1 0 3 2 2 2 1 0/0 18:49 2:12 1:27
Nail Yakupov 1 2 3 -1 0 4 1 1 1 0 2/7 25:36 3:16 2:51
Zac Leslie 0 1 1 0 0 2 1 2 0 2 0/0 18:26 2:20 1:49
3 Stars
1 - Sam Bennett (Rep)
2 - Valeri Nichushkin (Rep)
3 - Maxime Macenauer (Rep)
Power Play
Mulligans - 1 on 3 Attempt(s) - 33.33%
Condors - 0 on 3 Attempt(s) - 0.00%
Penalty Kill
Mulligans - 3 on 3 Attempt(s) - 100.00%
- Score 0 goal in Penalty Kill
Condors - 2 on 3 Attempt(s) - 66.67%
- Score 0 goal in Penalty Kill
Team Stat
Mulligans - Hits : 23 - Faceoff Wins : 42 - Blocked Shots : 12 - Penalty Minutes : 6
Condors - Hits : 18 - Faceoff Wins : 19 - Blocked Shots : 18 - Penalty Minutes : 6
Official
Referees : Unknown
Linesman : Unknown
Game Notes
Mackenzie Blackwood enters game at 3:00 of 2nd period
Finance
Level 1 -- Attendance: 1318 (65.90%) -- Ticket Income $52,720
Level 2 -- Attendance: 677 (67.70%) -- Ticket Income $13,540
Total Attendance: 1995 (66.50%)
Total Ticket Income: $66,260
Other Income: $3,313
Total Income: $69,573
Mulligans
5 vs 5 Forward
Center Left Wing Right Wing Time % Phy DF OF
1 Anton Lander Sven Baertschi Logan Shaw 40 0 2 3
2 Maxime Macenauer Sam Bennett Valeri Nichushkin 30 0 2 3
3 Robby Fabbri Reid Boucher Joonas Donskoi 20 0 2 3
4 Jonny Brodzinski Brett Seney Conor Garland 10 1 2 2
5 vs 5 Defense
Defense Defense Time % Phy DF OF
1 Ben Hutton Brandon Carlo 40 1 3 1
2 Darren Dietz Dalton Thrower 30 1 3 1
3 Ilya Lyubushkin Robbie Russo 20 1 3 1
4 Christian Wolanin Ben Hutton 10 1 2 2
PowerPlay Forward
Center Left Wing Right Wing Time % Phy DF OF
1 Anton Lander Sven Baertschi Logan Shaw 60 0 1 4
2 Maxime Macenauer Sam Bennett Joonas Donskoi 40 0 1 4
PowerPlay Defense
Defense Defense Time % Phy DF OF
1 Ben Hutton Brandon Carlo 60 0 2 3
2 Darren Dietz Christian Wolanin 40 0 2 3
Penalty Kill 4 Players Forward
Center Wing Time % Phy DF OF
1 Anton Lander Logan Shaw 60 1 2 2
2 Maxime Macenauer Sven Baertschi 40 1 2 2
Penalty Kill 4 Players Defense
Defense Defense Time % Phy DF OF
1 Ben Hutton Brandon Carlo 60 1 2 2
2 Darren Dietz Dalton Thrower 40 1 2 2
Penalty Kill - 3 Players Forward
Forward Time % Phy DF OF
1 Anton Lander 60 1 2 2
2 Logan Shaw 40 1 2 2
Penalty Kill - 3 Players Defense
Defense Defense Time % Phy DF OF
1 Ben Hutton Brandon Carlo 60 1 2 2
2 Darren Dietz Dalton Thrower 40 1 2 2
4 vs 4 Forward
Center Wing Time % Phy DF OF
1 Anton Lander Logan Shaw 60 1 2 2
2 Maxime Macenauer Sven Baertschi 40 1 2 2
4 vs 4 Defense
Defense Defense Time % Phy DF OF
1 Ben Hutton Brandon Carlo 60 1 2 2
2 Darren Dietz Dalton Thrower 40 1 2 2
Last Minutes Offensive
Center Left Wing Right Wing Defense Defense
Anton Lander Sven Baertschi Logan Shaw Ben Hutton Brandon Carlo
Last Minutes Defensive
Center Left Wing Right Wing Defense Defense
Anton Lander Sven Baertschi Logan Shaw Ben Hutton Brandon Carlo
Goaltenders
Starting : Calvin Pickard
Backup : Juuse Saros
Extra Forwards
Normal : Robby Fabbri, Valeri Nichushkin, Reid Boucher - PP : Robby Fabbri, Valeri Nichushkin - PK : Reid Boucher
Extra Defensemen
Normal : Ilya Lyubushkin, Brandon Carlo, Christian Wolanin - PP : Ilya Lyubushkin - PK : Ben Hutton, Christian Wolanin
Penalty Shots
Anton Lander, Logan Shaw, Maxime Macenauer, Sven Baertschi, Joonas Donskoi
Scratches
Cristiano Digiacinto (Healthy)
Condors
5 vs 5 Forward
Center Left Wing Right Wing Time % Phy DF OF
1 Frederik Gauthier Anton Slepyshev Nail Yakupov 40 1 2 2
2 Mark Jankowski Andrew Mangiapane Mikko Lehtonen 30 1 2 2
3 Connor Hurley Christian Thomas Alex Tuch 20 1 2 2
4 Nail Yakupov C.J Suess Daniel Zaar 10 1 2 2
5 vs 5 Defense
Defense Defense Time % Phy DF OF
1 Carl Gunnarsson Eric Gustafsson 40 1 2 2
2 Zac Leslie Chris Bigras 30 1 2 2
3 Marc-André Bourdon Brett Lernout 20 1 2 2
4 Erik Cernak Carl Gunnarsson 10 1 2 2
PowerPlay Forward
Center Left Wing Right Wing Time % Phy DF OF
1 Frederik Gauthier Anton Slepyshev Nail Yakupov 60 1 2 2
2 Mark Jankowski Andrew Mangiapane Mikko Lehtonen 40 1 2 2
PowerPlay Defense
Defense Defense Time % Phy DF OF
1 Carl Gunnarsson Eric Gustafsson 60 1 2 2
2 Zac Leslie Chris Bigras 40 1 2 2
Penalty Kill 4 Players Forward
Center Wing Time % Phy DF OF
1 Nail Yakupov Frederik Gauthier 60 1 2 2
2 Mark Jankowski Mikko Lehtonen 40 1 2 2
Penalty Kill 4 Players Defense
Defense Defense Time % Phy DF OF
1 Carl Gunnarsson Eric Gustafsson 60 1 2 2
2 Zac Leslie Chris Bigras 40 1 2 2
Penalty Kill - 3 Players Forward
Forward Time % Phy DF OF
1 Nail Yakupov 60 1 2 2
2 Frederik Gauthier 40 1 2 2
Penalty Kill - 3 Players Defense
Defense Defense Time % Phy DF OF
1 Carl Gunnarsson Eric Gustafsson 60 1 2 2
2 Zac Leslie Chris Bigras 40 1 2 2
4 vs 4 Forward
Center Wing Time % Phy DF OF
1 Nail Yakupov Frederik Gauthier 60 1 2 2
2 Mark Jankowski Mikko Lehtonen 40 1 2 2
4 vs 4 Defense
Defense Defense Time % Phy DF OF
1 Carl Gunnarsson Eric Gustafsson 60 1 2 2
2 Zac Leslie Chris Bigras 40 1 2 2
Last Minutes Offensive
Center Left Wing Right Wing Defense Defense
Frederik Gauthier Anton Slepyshev Nail Yakupov Carl Gunnarsson Eric Gustafsson
Last Minutes Defensive
Center Left Wing Right Wing Defense Defense
Frederik Gauthier Anton Slepyshev Nail Yakupov Carl Gunnarsson Eric Gustafsson
Goaltenders
Starting : Mark Visentin
Backup : Mackenzie Blackwood
Extra Forwards
Normal : Alex Tuch, Daniel Zaar, Christian Thomas - PP : Alex Tuch, Daniel Zaar - PK : Christian Thomas
Extra Defensemen
Normal : Marc-André Bourdon, Brett Lernout, Erik Cernak - PP : Marc-André Bourdon - PK : Brett Lernout, Erik Cernak
Penalty Shots
Nail Yakupov, Frederik Gauthier, Mark Jankowski, Mikko Lehtonen, Anton Slepyshev
Scratches
Louis Leblanc (Bruised Left Shoulder Injury), Emil Djuse (Healthy), Jacob Larsson (Healthy), Nick Merkley (Healthy), Cole Cassels (Healthy)
Jordan Subban (Healthy), Jeremy Gregoire (Healthy), Remi Elie (Healthy), Gustav Olofsson (Healthy), Adam Erne (Healthy)
Brett Ritchie (Healthy), Tyler Bozak (Healthy), Anders Bjork (Healthy), Hunter Smith (Healthy), Mike Smith (Healthy)
Jack Campbell (Healthy)
% Time on Ice - Mulligans
Lines # - Real PCT - Wanted PCT - Time Play
Normal Forward
1 - 35% - 40% - 17:06
2 - 29% - 30% - 14:11
3 - 20% - 20% - 9:50
4 - 16% - 10% - 7:55
Normal Defense
1 - 37% - 40% - 18:10
2 - 30% - 30% - 14:39
3 - 24% - 20% - 11:50
4 - 9% - 10% - 4:23
PP Forward
1 - 51% - 60% - 2:45
2 - 49% - 40% - 2:38
PP Defense
1 - 58% - 60% - 3:06
2 - 42% - 40% - 2:17
PK Forward
1 - 81% - 60% - 4:31
2 - 19% - 40% - 1:04
PK Defense
1 - 60% - 60% - 3:20
2 - 40% - 40% - 2:15
PK3 Forward
1 - 0% - 60%
2 - 0% - 40%
PK3 Defense
1 - 0% - 60%
2 - 0% - 40%
44 Forward
1 - 0% - 60%
2 - 0% - 40%
44 Defense
1 - 0% - 60%
2 - 0% - 40%
Last Minute Offensive - 0:00
Last Minute Defensive - 0:00
Total
Forward - 60:00
Defense - 60:00
|
% Time on Ice - Condors
Lines # - Real PCT - Wanted PCT - Time Play
Normal Forward
1 - 32% - 40% - 15:51
2 - 31% - 30% - 15:10
3 - 26% - 20% - 12:35
4 - 11% - 10% - 5:26
Normal Defense
1 - 38% - 40% - 18:29
2 - 29% - 30% - 14:17
3 - 25% - 20% - 12:01
4 - 9% - 10% - 4:15
PP Forward
1 - 61% - 60% - 3:23
2 - 39% - 40% - 2:12
PP Defense
1 - 58% - 60% - 3:15
2 - 42% - 40% - 2:20
PK Forward
1 - 73% - 60% - 3:56
2 - 27% - 40% - 1:27
PK Defense
1 - 66% - 60% - 3:34
2 - 34% - 40% - 1:49
PK3 Forward
1 - 0% - 60%
2 - 0% - 40%
PK3 Defense
1 - 0% - 60%
2 - 0% - 40%
44 Forward
1 - 0% - 60%
2 - 0% - 40%
44 Defense
1 - 0% - 60%
2 - 0% - 40%
Last Minute Offensive - 0:00
Last Minute Defensive - 0:00
Total
Forward - 60:00
Defense - 60:00
|
Play-by-Play
1st period
0:01 of 1st period - Frederik Gauthier wins face-off versus Anton Lander in neutral zone.
0:48 of 1st period - Wrist shot by Alex Tuch.
0:48 of 1st period - Shot Misses the Net.
1:09 of 1st period - Off-side.
1:10 of 1st period - Jonny Brodzinski wins face-off versus Nail Yakupov in neutral zone.
1:28 of 1st period - Slapshot by Jonny Brodzinski.
1:28 of 1st period - Deflect By Brett Seney.
1:28 of 1st period - Shot Blocked by Zac Leslie.
1:28 of 1st period - Puck is out of play.
1:29 of 1st period - Anton Lander wins face-off versus Mark Jankowski in Condors zone.
1:38 of 1st period - Wrist shot by Anton Lander.
1:38 of 1st period - Deflect By Mikko Lehtonen.
1:38 of 1st period - Shot Misses the Net.
1:38 of 1st period - Puck is out of play.
1:39 of 1st period - Anton Lander wins face-off versus Mark Jankowski in Condors zone.
1:52 of 1st period - Anton Lander is hit by Mikko Lehtonen and loses puck.
2:03 of 1st period - Slapshot by Mikko Lehtonen.
2:03 of 1st period - Shot Blocked by Ben Hutton.
2:05 of 1st period - Snap shot by Mikko Lehtonen.
2:05 of 1st period - Stopped by Calvin Pickard without a rebound.
2:06 of 1st period - Frederik Gauthier wins face-off versus Maxime Macenauer in Mulligans zone.
2:56 of 1st period - Slapshot by Mark Jankowski.
2:56 of 1st period - Deflect By Andrew Mangiapane.
2:56 of 1st period - Shot Hit the Post.
2:56 of 1st period - Puck is out of play.
2:57 of 1st period - Maxime Macenauer wins face-off versus Frederik Gauthier in Mulligans zone.
3:05 of 1st period - Carl Gunnarsson is hit by Sam Bennett and loses puck.
3:22 of 1st period - Anton Lander is hit by Connor Hurley.
4:01 of 1st period - Snap shot by Nail Yakupov.
4:01 of 1st period - Stopped by Calvin Pickard with a rebound.
4:03 of 1st period - Wrist shot by Carl Gunnarsson.
4:03 of 1st period - Shot Blocked by Jonny Brodzinski.
4:23 of 1st period - Wrist shot by Anton Slepyshev.
4:23 of 1st period - Shot Misses the Net.
4:25 of 1st period - Slapshot by Zac Leslie.
4:25 of 1st period - Shot Hit the Post.
4:27 of 1st period - Slapshot by Zac Leslie.
4:27 of 1st period - Stopped by Calvin Pickard with a rebound.
5:01 of 1st period - Snap shot by Logan Shaw.
5:01 of 1st period - Shot Blocked by Eric Gustafsson.
5:03 of 1st period - Wrist shot by Anton Lander.
5:03 of 1st period - Shot Misses the Net.
5:19 of 1st period - Wrist shot by Nail Yakupov.
5:19 of 1st period - Stopped by Calvin Pickard without a rebound.
5:20 of 1st period - Anton Lander wins face-off versus Anton Slepyshev in Mulligans zone.
5:25 of 1st period - Zac Leslie is hit by Anton Lander and loses puck.
6:26 of 1st period - Wrist shot by Joonas Donskoi.
6:26 of 1st period - Stopped by Mark Visentin without a rebound.
6:27 of 1st period - Robby Fabbri wins face-off versus Mark Jankowski in Condors zone.
6:38 of 1st period - Snap shot by Mark Jankowski.
6:38 of 1st period - Shot Hit the Post.
6:52 of 1st period - Frederik Gauthier is hit by Dalton Thrower and loses puck.
6:59 of 1st period - Snap shot by Sam Bennett.
6:59 of 1st period - Shot Misses the Net.
7:01 of 1st period - Backhand shot by Dalton Thrower.
7:01 of 1st period - Shot Blocked by Eric Gustafsson.
7:03 of 1st period - Slapshot by Ben Hutton.
7:03 of 1st period - Stopped by Mark Visentin without a rebound.
7:04 of 1st period - Anton Lander wins face-off versus Mark Jankowski in Condors zone.
7:17 of 1st period - Slapshot by Mikko Lehtonen.
7:17 of 1st period - Shot Blocked by Darren Dietz.
7:46 of 1st period - Sam Bennett is hit by Connor Hurley and loses puck.
7:59 of 1st period - Snap shot by Sam Bennett.
7:59 of 1st period - Goal by Sam Bennett - Mulligans : 1 - Condors : 0.
8:00 of 1st period - Sven Baertschi wins face-off versus Anton Slepyshev in neutral zone.
8:09 of 1st period - Snap shot by Sven Baertschi.
8:09 of 1st period - Shot Blocked by Anton Slepyshev.
8:25 of 1st period - Carl Gunnarsson is hit by Jonny Brodzinski and loses puck.
8:32 of 1st period - Wrist shot by Jonny Brodzinski.
8:32 of 1st period - Shot Misses the Net.
8:34 of 1st period - Snap shot by Brandon Carlo.
8:34 of 1st period - Shot Misses the Net.
8:48 of 1st period - Backhand shot by Joonas Donskoi.
8:48 of 1st period - Stopped by Mark Visentin without a rebound.
8:49 of 1st period - Robby Fabbri wins face-off versus Connor Hurley in Condors zone.
8:52 of 1st period - Snap shot by Robby Fabbri.
8:52 of 1st period - Shot Misses the Net.
8:54 of 1st period - Snap shot by Reid Boucher.
8:54 of 1st period - Goal by Reid Boucher - Mulligans : 2 - Condors : 0.
8:55 of 1st period - Frederik Gauthier wins face-off versus Anton Lander in neutral zone.
9:04 of 1st period - Snap shot by Logan Shaw.
9:04 of 1st period - Stopped by Mark Visentin without a rebound.
9:05 of 1st period - Anton Lander wins face-off versus Frederik Gauthier in Condors zone.
9:32 of 1st period - Wrist shot by Sven Baertschi.
9:32 of 1st period - Shot Blocked by Carl Gunnarsson.
9:42 of 1st period - Slapshot by Logan Shaw.
9:42 of 1st period - Shot Misses the Net.
9:44 of 1st period - Slapshot by Logan Shaw.
9:44 of 1st period - Shot Blocked by Carl Gunnarsson.
9:49 of 1st period - Minor Penalty to Anton Slepyshev for Kneeing.
9:50 of 1st period - Maxime Macenauer wins face-off versus Nail Yakupov in Condors zone.
11:34 of 1st period - Icing by Maxime Macenauer.
11:35 of 1st period - Maxime Macenauer wins face-off versus Christian Thomas in Mulligans zone.
11:49 of 1st period - Penalty to Anton Slepyshev is over, Anton Slepyshev is back on ice.
12:02 of 1st period - Snap shot by Jonny Brodzinski.
12:02 of 1st period - Stopped by Mark Visentin with a rebound.
12:31 of 1st period - Conor Garland is hit by Nail Yakupov and loses puck.
12:50 of 1st period - Wrist shot by Anton Slepyshev.
12:50 of 1st period - Shot Blocked by Robby Fabbri.
13:08 of 1st period - Anton Lander is hit by Andrew Mangiapane and loses puck.
13:52 of 1st period - Andrew Mangiapane is hit by Ben Hutton and loses puck.
14:16 of 1st period - Anton Lander is hit by Carl Gunnarsson.
14:20 of 1st period - Alex Tuch is hit by Sven Baertschi and loses puck.
14:31 of 1st period - Robby Fabbri is hit by Anton Slepyshev and loses puck.
14:55 of 1st period - Wrist shot by Valeri Nichushkin.
14:55 of 1st period - Shot Blocked by Zac Leslie.
15:15 of 1st period - Snap shot by Jonny Brodzinski.
15:15 of 1st period - Shot Blocked by Mikko Lehtonen.
15:17 of 1st period - Snap shot by Sven Baertschi.
15:17 of 1st period - Shot Misses the Net.
15:45 of 1st period - Wrist shot by C.J Suess.
15:45 of 1st period - Stopped by Calvin Pickard without a rebound.
15:46 of 1st period - Maxime Macenauer wins face-off versus Mark Jankowski in Mulligans zone.
16:11 of 1st period - Logan Shaw is hit by Carl Gunnarsson and loses puck.
16:38 of 1st period - Slapshot by Anton Slepyshev.
16:38 of 1st period - Shot Misses the Net.
16:57 of 1st period - Icing by Robbie Russo.
16:58 of 1st period - Mark Jankowski wins face-off versus Jonny Brodzinski in Mulligans zone.
17:25 of 1st period - Wrist shot by Brett Seney.
17:25 of 1st period - Stopped by Mark Visentin without a rebound.
17:26 of 1st period - Anton Lander wins face-off versus Frederik Gauthier in Condors zone.
17:56 of 1st period - Brett Lernout is hit by Anton Lander and loses puck.
18:19 of 1st period - Snap shot by Daniel Zaar.
18:19 of 1st period - Shot Misses the Net.
18:21 of 1st period - Minor Penalty to Darren Dietz for Roughing.
18:22 of 1st period - Nail Yakupov wins face-off versus Anton Lander in Mulligans zone.
18:33 of 1st period - Snap shot by Carl Gunnarsson.
18:33 of 1st period - Shot Blocked by Ben Hutton.
18:59 of 1st period - Wrist shot by Mark Jankowski.
18:59 of 1st period - Shot Misses the Net.
19:37 of 1st period - Nail Yakupov is hit by Anton Lander and loses puck.
19:58 of 1st period - Mikko Lehtonen is hit by Ben Hutton and loses puck.
Goals for this period are 2 for Mulligans vs 0 for Condors.
Shots for this period are 8 for Mulligans vs 5 for Condors.
2nd period
0:01 of 2nd period - Anton Lander wins face-off versus Frederik Gauthier in neutral zone.
0:08 of 2nd period - Wrist shot by Logan Shaw.
0:08 of 2nd period - Stopped by Mark Visentin without a rebound.
0:09 of 2nd period - Anton Lander wins face-off versus Frederik Gauthier in Condors zone.
0:10 of 2nd period - Snap shot by Logan Shaw.
0:10 of 2nd period - Stopped by Mark Visentin without a rebound.
0:11 of 2nd period - Anton Lander wins face-off versus Frederik Gauthier in Condors zone.
0:21 of 2nd period - Penalty to Darren Dietz is over, Darren Dietz is back on ice.
0:28 of 2nd period - Wrist shot by Logan Shaw.
0:28 of 2nd period - Stopped by Mark Visentin with a rebound.
1:21 of 2nd period - Snap shot by Joonas Donskoi.
1:21 of 2nd period - Stopped by Mark Visentin with a rebound.
1:23 of 2nd period - Snap shot by Robby Fabbri.
1:23 of 2nd period - Goal by Robby Fabbri - Mulligans : 3 - Condors : 0.
1:24 of 2nd period - Frederik Gauthier wins face-off versus Maxime Macenauer in neutral zone.
1:49 of 2nd period - Mark Jankowski is hit by Logan Shaw and loses puck.
1:56 of 2nd period - Darren Dietz is hit by Zac Leslie and loses puck.
2:17 of 2nd period - Wrist shot by Connor Hurley.
2:17 of 2nd period - Stopped by Calvin Pickard without a rebound.
2:18 of 2nd period - Maxime Macenauer wins face-off versus Frederik Gauthier in Mulligans zone.
2:50 of 2nd period - Snap shot by Andrew Mangiapane.
2:50 of 2nd period - Shot Misses the Net.
2:52 of 2nd period - Snap shot by Mark Jankowski.
2:52 of 2nd period - Deflect By Mikko Lehtonen.
2:52 of 2nd period - Goal by Mikko Lehtonen - Mulligans : 3 - Condors : 1.
2:53 of 2nd period - Maxime Macenauer wins face-off versus Frederik Gauthier in neutral zone.
2:58 of 2nd period - Snap shot by Valeri Nichushkin.
2:58 of 2nd period - Stopped by Mark Visentin with a rebound.
3:00 of 2nd period - Slapshot by Ben Hutton.
3:00 of 2nd period - Deflect By Sam Bennett.
3:00 of 2nd period - Goal by Sam Bennett - Mulligans : 4 - Condors : 1.
3:00 of 2nd period - Mackenzie Blackwood enters game.
3:01 of 2nd period - Frederik Gauthier wins face-off versus Anton Lander in neutral zone.
3:27 of 2nd period - Mikko Lehtonen is hit by Sam Bennett.
3:49 of 2nd period - Carl Gunnarsson is hit by Darren Dietz.
4:41 of 2nd period - Wrist shot by Valeri Nichushkin.
4:41 of 2nd period - Stopped by Mackenzie Blackwood with a rebound.
4:58 of 2nd period - Alex Tuch is hit by Logan Shaw and loses puck.
5:34 of 2nd period - Backhand shot by Logan Shaw.
5:34 of 2nd period - Stopped by Mackenzie Blackwood with a rebound.
5:36 of 2nd period - Slapshot by Sven Baertschi.
5:36 of 2nd period - Stopped by Mackenzie Blackwood with a rebound.
5:38 of 2nd period - Backhand shot by Darren Dietz.
5:38 of 2nd period - Shot Blocked by Mikko Lehtonen.
5:40 of 2nd period - Wrist shot by Logan Shaw.
5:40 of 2nd period - Shot Misses the Net.
5:42 of 2nd period - Backhand shot by Sven Baertschi.
5:42 of 2nd period - Stopped by Mackenzie Blackwood with a rebound.
6:24 of 2nd period - Wrist shot by Anton Lander.
6:24 of 2nd period - Shot Blocked by Carl Gunnarsson.
6:26 of 2nd period - Wrist shot by Anton Lander.
6:26 of 2nd period - Stopped by Mackenzie Blackwood with a rebound.
6:28 of 2nd period - Snap shot by Logan Shaw.
6:28 of 2nd period - Shot Misses the Net.
6:30 of 2nd period - Slapshot by Dalton Thrower.
6:30 of 2nd period - Shot Misses the Net.
6:32 of 2nd period - Wrist shot by Logan Shaw.
6:32 of 2nd period - Shot Misses the Net.
6:34 of 2nd period - Wrist shot by Logan Shaw.
6:34 of 2nd period - Shot Blocked by Andrew Mangiapane.
6:36 of 2nd period - Slapshot by Dalton Thrower.
6:36 of 2nd period - Stopped by Mackenzie Blackwood without a rebound.
6:37 of 2nd period - Maxime Macenauer wins face-off versus Frederik Gauthier in Condors zone.
6:40 of 2nd period - Wrist shot by Maxime Macenauer.
6:40 of 2nd period - Stopped by Mackenzie Blackwood without a rebound.
6:41 of 2nd period - Maxime Macenauer wins face-off versus Frederik Gauthier in Condors zone.
7:05 of 2nd period - Icing by Brandon Carlo.
7:06 of 2nd period - Robby Fabbri wins face-off versus Connor Hurley in Mulligans zone.
7:17 of 2nd period - Snap shot by Connor Hurley.
7:17 of 2nd period - Stopped by Calvin Pickard with a rebound.
7:33 of 2nd period - Backhand shot by Maxime Macenauer.
7:33 of 2nd period - Stopped by Mackenzie Blackwood with a rebound.
7:35 of 2nd period - Slapshot by Ben Hutton.
7:35 of 2nd period - Shot Blocked by Marc-André Bourdon.
7:37 of 2nd period - Snap shot by Sam Bennett.
7:37 of 2nd period - Shot Misses the Net.
7:39 of 2nd period - Wrist shot by Sam Bennett.
7:39 of 2nd period - Shot Misses the Net.
8:24 of 2nd period - Sam Bennett is hit by Mikko Lehtonen and loses puck.
8:47 of 2nd period - Snap shot by Brett Seney.
8:47 of 2nd period - Shot Blocked by Chris Bigras.
9:01 of 2nd period - Snap shot by Alex Tuch.
9:01 of 2nd period - Shot Misses the Net.
9:15 of 2nd period - Carl Gunnarsson is hit by Ben Hutton and loses puck.
9:58 of 2nd period - Marc-André Bourdon is hit by Reid Boucher and loses puck.
10:21 of 2nd period - Zac Leslie is hit by Jonny Brodzinski.
11:19 of 2nd period - Wrist shot by Robby Fabbri.
11:19 of 2nd period - Deflect By Eric Gustafsson.
11:19 of 2nd period - Shot Misses the Net.
11:19 of 2nd period - Puck is out of play.
11:20 of 2nd period - Robby Fabbri wins face-off versus Connor Hurley in Condors zone.
11:35 of 2nd period - Wrist shot by Robby Fabbri.
11:35 of 2nd period - Deflect By Joonas Donskoi.
11:35 of 2nd period - Stopped by Mackenzie Blackwood with a rebound.
11:47 of 2nd period - Snap shot by Maxime Macenauer.
11:47 of 2nd period - Stopped by Mackenzie Blackwood without a rebound.
11:48 of 2nd period - Maxime Macenauer wins face-off versus Frederik Gauthier in Condors zone.
11:51 of 2nd period - Wrist shot by Maxime Macenauer.
11:51 of 2nd period - Shot Misses the Net.
11:57 of 2nd period - Valeri Nichushkin is hit by Marc-André Bourdon and loses puck.
12:37 of 2nd period - Snap shot by Anton Lander.
12:37 of 2nd period - Deflect By Sven Baertschi.
12:37 of 2nd period - Stopped by Mackenzie Blackwood without a rebound.
12:38 of 2nd period - Anton Lander wins face-off versus Frederik Gauthier in Condors zone.
12:39 of 2nd period - Snap shot by Logan Shaw.
12:39 of 2nd period - Shot Misses the Net.
12:50 of 2nd period - Eric Gustafsson is hit by Ben Hutton and loses puck.
12:59 of 2nd period - Minor Penalty to Ben Hutton for Boarding.
13:00 of 2nd period - Frederik Gauthier wins face-off versus Anton Lander in Mulligans zone.
13:03 of 2nd period - Snap shot by Anton Slepyshev.
13:03 of 2nd period - Stopped by Calvin Pickard without a rebound.
13:04 of 2nd period - Anton Lander wins face-off versus Frederik Gauthier in Mulligans zone.
13:31 of 2nd period - Slapshot by Carl Gunnarsson.
13:31 of 2nd period - Stopped by Calvin Pickard with a rebound.
13:45 of 2nd period - Darren Dietz is hit by Carl Gunnarsson and loses puck.
14:10 of 2nd period - Snap shot by Anton Slepyshev.
14:10 of 2nd period - Stopped by Calvin Pickard without a rebound.
14:11 of 2nd period - Mark Jankowski wins face-off versus Maxime Macenauer in Mulligans zone.
14:16 of 2nd period - Slapshot by Mark Jankowski.
14:16 of 2nd period - Stopped by Calvin Pickard with a rebound.
14:18 of 2nd period - Slapshot by Zac Leslie.
14:18 of 2nd period - Shot Misses the Net.
14:20 of 2nd period - Backhand shot by Chris Bigras.
14:20 of 2nd period - Shot Misses the Net.
14:59 of 2nd period - Penalty to Ben Hutton is over, Ben Hutton is back on ice.
15:14 of 2nd period - Snap shot by Ilya Lyubushkin.
15:14 of 2nd period - Deflect By Eric Gustafsson.
15:14 of 2nd period - Stopped by Mackenzie Blackwood without a rebound.
15:15 of 2nd period - Robby Fabbri wins face-off versus Connor Hurley in Condors zone.
15:30 of 2nd period - Snap shot by Joonas Donskoi.
15:30 of 2nd period - Stopped by Mackenzie Blackwood with a rebound.
15:50 of 2nd period - Snap shot by Nail Yakupov.
15:50 of 2nd period - Shot Misses the Net.
15:52 of 2nd period - Slapshot by Brett Lernout.
15:52 of 2nd period - Deflect By Daniel Zaar.
15:52 of 2nd period - Stopped by Calvin Pickard with a rebound.
16:04 of 2nd period - Snap shot by Sam Bennett.
16:04 of 2nd period - Stopped by Mackenzie Blackwood with a rebound.
16:06 of 2nd period - Wrist shot by Valeri Nichushkin.
16:06 of 2nd period - Deflect By Maxime Macenauer.
16:06 of 2nd period - Shot Misses the Net.
16:06 of 2nd period - Puck is out of play.
16:07 of 2nd period - Maxime Macenauer wins face-off versus Frederik Gauthier in Condors zone.
16:21 of 2nd period - Minor Penalty to Eric Gustafsson for Roughing.
16:22 of 2nd period - Anton Lander wins face-off versus Nail Yakupov in Condors zone.
16:36 of 2nd period - Wrist shot by Sven Baertschi.
16:36 of 2nd period - Stopped by Mackenzie Blackwood with a rebound.
17:06 of 2nd period - Wrist shot by Mark Jankowski.
17:06 of 2nd period - Stopped by Calvin Pickard with a rebound.
17:11 of 2nd period - Off-side.
17:12 of 2nd period - Maxime Macenauer wins face-off versus Nail Yakupov in neutral zone.
17:31 of 2nd period - Frederik Gauthier is hit by Joonas Donskoi and loses puck.
17:46 of 2nd period - Slapshot by Sven Baertschi.
17:46 of 2nd period - Goal by Sven Baertschi - Mulligans : 5 - Condors : 1.
17:47 of 2nd period - Anton Lander wins face-off versus Mark Jankowski in neutral zone.
17:54 of 2nd period - Snap shot by Anton Lander.
17:54 of 2nd period - Shot Misses the Net.
18:12 of 2nd period - Valeri Nichushkin is hit by Anton Slepyshev and loses puck.
18:19 of 2nd period - Backhand shot by Nail Yakupov.
18:19 of 2nd period - Shot Misses the Net.
19:17 of 2nd period - Snap shot by Logan Shaw.
19:17 of 2nd period - Deflect By Sven Baertschi.
19:17 of 2nd period - Shot Misses the Net.
19:17 of 2nd period - Puck is out of play.
19:18 of 2nd period - Anton Lander wins face-off versus Frederik Gauthier in Condors zone.
19:27 of 2nd period - Slapshot by Eric Gustafsson.
19:27 of 2nd period - Deflect By Frederik Gauthier.
19:27 of 2nd period - Shot Blocked by Sven Baertschi.
19:27 of 2nd period - Puck is out of play.
19:28 of 2nd period - Frederik Gauthier wins face-off versus Anton Lander in Mulligans zone.
19:29 of 2nd period - Slapshot by Eric Gustafsson.
19:29 of 2nd period - Shot Misses the Net.
19:35 of 2nd period - Wrist shot by Anton Slepyshev.
19:35 of 2nd period - Shot Misses the Net.
19:37 of 2nd period - Snap shot by Frederik Gauthier.
19:37 of 2nd period - Goal by Frederik Gauthier - Mulligans : 5 - Condors : 2.
19:38 of 2nd period - Anton Lander wins face-off versus Frederik Gauthier in neutral zone.
19:48 of 2nd period - Minor Penalty to Carl Gunnarsson for Cross-checking.
19:49 of 2nd period - Anton Lander wins face-off versus Nail Yakupov in Condors zone.
Goals for this period are 3 for Mulligans vs 2 for Condors.
Shots for this period are 23 for Mulligans vs 10 for Condors.
3rd period
0:01 of 3rd period - Nail Yakupov wins face-off versus Anton Lander in neutral zone.
0:53 of 3rd period - Mikko Lehtonen is hit by Sven Baertschi and loses puck.
1:12 of 3rd period - Darren Dietz is hit by Frederik Gauthier and loses puck.
1:48 of 3rd period - Penalty to Carl Gunnarsson is over, Carl Gunnarsson is back on ice.
4:44 of 3rd period - Ben Hutton is hit by C.J Suess and loses puck.
5:54 of 3rd period - Snap shot by Sam Bennett.
5:54 of 3rd period - Shot Blocked by Nail Yakupov.
5:56 of 3rd period - Backhand shot by Valeri Nichushkin.
5:56 of 3rd period - Stopped by Mackenzie Blackwood with a rebound.
6:00 of 3rd period - Wrist shot by Maxime Macenauer.
6:00 of 3rd period - Goal by Maxime Macenauer - Mulligans : 6 - Condors : 2.
6:01 of 3rd period - Frederik Gauthier wins face-off versus Anton Lander in neutral zone.
6:08 of 3rd period - Wrist shot by Nail Yakupov.
6:08 of 3rd period - Stopped by Calvin Pickard with a rebound.
6:10 of 3rd period - Slapshot by Frederik Gauthier.
6:10 of 3rd period - Goal by Frederik Gauthier - Mulligans : 6 - Condors : 3.
6:11 of 3rd period - Anton Lander wins face-off versus Frederik Gauthier in neutral zone.
6:26 of 3rd period - Wrist shot by Logan Shaw.
6:26 of 3rd period - Stopped by Mackenzie Blackwood without a rebound.
6:27 of 3rd period - Sam Bennett wins face-off versus Mark Jankowski in Condors zone.
6:40 of 3rd period - Eric Gustafsson is hit by Valeri Nichushkin and loses puck.
6:46 of 3rd period - Icing by Carl Gunnarsson.
6:47 of 3rd period - Anton Lander wins face-off versus Mark Jankowski in Condors zone.
6:51 of 3rd period - Icing by Eric Gustafsson.
6:52 of 3rd period - Anton Lander wins face-off versus Mark Jankowski in Condors zone.
6:55 of 3rd period - Wrist shot by Anton Lander.
6:55 of 3rd period - Stopped by Mackenzie Blackwood with a rebound.
6:57 of 3rd period - Snap shot by Ben Hutton.
6:57 of 3rd period - Stopped by Mackenzie Blackwood with a rebound.
6:59 of 3rd period - Slapshot by Brandon Carlo.
6:59 of 3rd period - Deflect By Logan Shaw.
6:59 of 3rd period - Shot Blocked by Mark Jankowski.
6:59 of 3rd period - Puck is out of play.
7:00 of 3rd period - Anton Lander wins face-off versus Frederik Gauthier in Condors zone.
7:15 of 3rd period - Slapshot by Anton Lander.
7:15 of 3rd period - Goal by Anton Lander - Mulligans : 7 - Condors : 3.
7:16 of 3rd period - Frederik Gauthier wins face-off versus Anton Lander in neutral zone.
7:27 of 3rd period - Slapshot by Eric Gustafsson.
7:27 of 3rd period - Stopped by Calvin Pickard with a rebound.
7:29 of 3rd period - Slapshot by Carl Gunnarsson.
7:29 of 3rd period - Shot Blocked by Ben Hutton.
7:31 of 3rd period - Slapshot by Eric Gustafsson.
7:31 of 3rd period - Stopped by Calvin Pickard with a rebound.
8:42 of 3rd period - Snap shot by Anton Lander.
8:42 of 3rd period - Stopped by Mackenzie Blackwood with a rebound.
9:28 of 3rd period - Slapshot by Robby Fabbri.
9:28 of 3rd period - Deflect By Reid Boucher.
9:28 of 3rd period - Stopped by Mackenzie Blackwood with a rebound.
9:35 of 3rd period - Icing by Nail Yakupov.
9:36 of 3rd period - Jonny Brodzinski wins face-off versus Connor Hurley in Condors zone.
9:43 of 3rd period - Snap shot by Brett Seney.
9:43 of 3rd period - Shot Misses the Net.
9:45 of 3rd period - Slapshot by Robbie Russo.
9:45 of 3rd period - Shot Blocked by Alex Tuch.
9:47 of 3rd period - Slapshot by Ilya Lyubushkin.
9:47 of 3rd period - Shot Blocked by Eric Gustafsson.
9:49 of 3rd period - Snap shot by Jonny Brodzinski.
9:49 of 3rd period - Shot Misses the Net.
10:01 of 3rd period - Alex Tuch is hit by Ilya Lyubushkin and loses puck.
10:18 of 3rd period - Wrist shot by Carl Gunnarsson.
10:18 of 3rd period - Stopped by Calvin Pickard with a rebound.
10:28 of 3rd period - Connor Hurley is hit by Anton Lander and loses puck.
11:08 of 3rd period - Slapshot by Maxime Macenauer.
11:08 of 3rd period - Shot Misses the Net.
11:10 of 3rd period - Wrist shot by Maxime Macenauer.
11:10 of 3rd period - Stopped by Mackenzie Blackwood without a rebound.
11:11 of 3rd period - Frederik Gauthier wins face-off versus Anton Lander in Condors zone.
11:42 of 3rd period - Wrist shot by Mikko Lehtonen.
11:42 of 3rd period - Shot Misses the Net.
11:44 of 3rd period - Backhand shot by Mikko Lehtonen.
11:44 of 3rd period - Stopped by Calvin Pickard with a rebound.
11:46 of 3rd period - Snap shot by Mikko Lehtonen.
11:46 of 3rd period - Shot Blocked by Sam Bennett.
12:34 of 3rd period - Anton Lander is hit by Christian Thomas and loses puck.
12:38 of 3rd period - Icing by Ben Hutton.
12:39 of 3rd period - Anton Lander wins face-off versus Connor Hurley in Mulligans zone.
12:44 of 3rd period - Connor Hurley is hit by Ilya Lyubushkin and loses puck.
12:51 of 3rd period - Slapshot by Zac Leslie.
12:51 of 3rd period - Stopped by Calvin Pickard with a rebound.
12:53 of 3rd period - Wrist shot by Connor Hurley.
12:53 of 3rd period - Goal by Connor Hurley - Mulligans : 7 - Condors : 4.
12:54 of 3rd period - Anton Slepyshev wins face-off versus Anton Lander in neutral zone.
13:01 of 3rd period - Brandon Carlo is hit by Anton Slepyshev and loses puck.
13:43 of 3rd period - Slapshot by Alex Tuch.
13:43 of 3rd period - Stopped by Calvin Pickard with a rebound.
13:45 of 3rd period - Snap shot by Alex Tuch.
13:45 of 3rd period - Shot Misses the Net.
13:47 of 3rd period - Slapshot by Eric Gustafsson.
13:47 of 3rd period - Goal by Eric Gustafsson - Mulligans : 7 - Condors : 5.
13:48 of 3rd period - Frederik Gauthier wins face-off versus Anton Lander in neutral zone.
13:58 of 3rd period - Wrist shot by Anton Lander.
13:58 of 3rd period - Stopped by Mackenzie Blackwood with a rebound.
14:04 of 3rd period - Snap shot by Nail Yakupov.
14:04 of 3rd period - Deflect By Anton Slepyshev.
14:04 of 3rd period - Shot Misses the Net.
14:04 of 3rd period - Puck is out of play.
14:05 of 3rd period - Mark Jankowski wins face-off versus Maxime Macenauer in Mulligans zone.
14:24 of 3rd period - Valeri Nichushkin is hit by Mark Jankowski and loses puck.
15:28 of 3rd period - Icing by Maxime Macenauer.
15:29 of 3rd period - Valeri Nichushkin wins face-off versus Frederik Gauthier in Mulligans zone.
16:11 of 3rd period - Wrist shot by Nail Yakupov.
16:11 of 3rd period - Goal by Nail Yakupov - Mulligans : 7 - Condors : 6.
16:12 of 3rd period - Mark Jankowski wins face-off versus Robby Fabbri in neutral zone.
16:43 of 3rd period - Slapshot by Darren Dietz.
16:43 of 3rd period - Shot Blocked by Connor Hurley.
16:45 of 3rd period - Snap shot by Sven Baertschi.
16:45 of 3rd period - Stopped by Mackenzie Blackwood with a rebound.
17:21 of 3rd period - Snap shot by Andrew Mangiapane.
17:21 of 3rd period - Shot Blocked by Jonny Brodzinski.
17:23 of 3rd period - Backhand shot by Marc-André Bourdon.
17:23 of 3rd period - Shot Blocked by Jonny Brodzinski.
17:33 of 3rd period - Snap shot by Anton Slepyshev.
17:33 of 3rd period - Shot Misses the Net.
17:35 of 3rd period - Slapshot by Carl Gunnarsson.
17:35 of 3rd period - Deflect By Robbie Russo.
17:35 of 3rd period - Stopped by Calvin Pickard with a rebound.
18:05 of 3rd period - Snap shot by Logan Shaw.
18:05 of 3rd period - Shot Misses the Net.
18:22 of 3rd period - Minor Penalty to Sam Bennett for Holding.
18:23 of 3rd period - Frederik Gauthier wins face-off versus Anton Lander in Mulligans zone.
18:23 of 3rd period - Snap shot by Anton Slepyshev.
18:23 of 3rd period - Shot Blocked by Brandon Carlo.
18:25 of 3rd period - Slapshot by Zac Leslie.
18:25 of 3rd period - Shot Blocked by Ben Hutton.
19:25 of 3rd period - Condors, Mackenzie Blackwood is pulled from the net.
Goals for this period are 2 for Mulligans vs 4 for Condors.
Shots for this period are 11 for Mulligans vs 12 for Condors.